 Dungeon Crawl Stone Soup version 0.32-a0-981-g384da2ce10 (webtiles) character file.

Game seed: 3766602144941150016

21000 jasper the Geomancer (level 12, -1/77 HPs)
             Began as a Gargoyle Earth Elementalist on Apr 20, 2024.
             Was an Elder of Vehumet.
             Slain by Erolcha
             ... wielding a +0 giant club
              (27 damage)
             ... on level 11 of the Dungeon.
             The game lasted 00:20:10 (13250 turns).

jasper the Geomancer (Gargoyle Earth Elementalist) Turns: 13250, Time: 00:20:11

Health: -1/77      AC: 22    Str: 13    XL:     12   Next: 85%
Magic:  2/15       EV:  9    Int: 20    God:    Vehumet [****..]
Gold:   664        SH: 11    Dex: 16    Spells: 0/15 levels left

rFire   . . .        M - staff of earth
rCold   . . .        B - +0 kite shield
rNeg    + . .        E - +0 steam dragon scales
rPois   ∞            i - +1 helmet
rElec   +            F - +0 cloak
rCorr   .            w - +0 pair of gloves
SInv    .            q - +0 pair of boots
Will    .....        (no amulet)
Stlth   ++           n - +4 ring of protection
HPRegen 0.32/turn    I - +6 ring of dexterity
MPRegen 0.14/turn

%: no passive effects
@: no status effects
A: sickness immunity, AC +8, negative energy resistance 1, electricity
resistance, torment resistance 1, petrification resistance
a: Renounce Religion


You were on level 11 of the Dungeon.
You worshipped Vehumet.
Vehumet was greatly pleased with you.
You visited 2 branches of the dungeon, and saw 12 of its levels.
You also visited: Sewer, Ossuary and Bailey.

You collected 664 gold pieces.

Inventory:

Hand Weapons
 d - a +0 club
 e - a +0 hand axe
 f - a +2 short sword of venom
 O - a +0 scimitar of flaming
Armour
 i - a +1 helmet (worn)
 q - a +0 pair of boots (worn)
 w - a +0 pair of gloves (worn)
 B - a +0 kite shield (worn)
 E - +0 steam dragon scales (worn)
 F - a +0 cloak (worn)
Magical Staves
 M - a staff of earth (weapon)
Jewellery
 a - a ring of positive energy
 l - an amulet of guardian spirit
 n - a +4 ring of protection (left hand)
 o - a ring of fire
 u - a ring of magical power
 A - a ring of flight
 I - a +6 ring of dexterity (right hand)
Wands
 c - a wand of polymorph (5)
 G - a wand of flame (27)
 H - a wand of charming (14)
 N - a wand of iceblast (14)
Scrolls
 g - 2 scrolls of noise
 h - 2 scrolls of immolation
 k - 2 scrolls of blinking
 m - 4 scrolls of fog
 p - 2 scrolls of fear
 x - 2 scrolls of enchant weapon
 y - 2 scrolls of amnesia
 C - 2 scrolls of vulnerability
 D - 3 scrolls of enchant armour
 K - 2 scrolls of revelation
 R - a scroll of summoning
Potions
 b - 5 potions of magic
 j - 2 potions of heal wounds
 r - 2 potions of might
 s - 6 potions of haste
 t - 2 potions of lignification
 v - 4 potions of curing
 z - a potion of attraction
 J - 2 potions of brilliance
 L - 2 potions of mutation
Miscellaneous
 P - a tin of tremorstones (1/2)


   Skills:
 - Level 10.0 Fighting
 + Level 8.7 Staves
 - Level 1.5 Dodging
 - Level 2.1 Stealth
 - Level 10.0 Shields
 - Level 2.0 Spellcasting
 - Level 10.0 Conjurations
 + Level 1.2 Translocations
 - Level 12.0 Earth Magic
 - Level 5.0 Evocations


You couldn't memorise any spells.
You knew the following spells:

 Your Spells              Type           Power      Damage    Failure   Level
a - Sandblast             Erth           100%       2d20      1%          1
b - Passwall              Erth           66%        N/A       1%          3
c - Stone Arrow           Conj/Erth      100%       3d13      1%          3
d - Brom's Barrelling Bo  Conj/Erth      62%        2d8       1%          4
e - Iskenderun's Mystic Conj/Tloc 24%            2d7        (+2d3     11%         4

Your spell library contained the following spells:

 Spells                   Type           Power      Damage    Failure   Level
 Hailstorm                Conj/Ice       22%        3d7       4%          3
 Freeze                   Ice            8%         1d3       11%         1
 Frozen Ramparts          Ice            4%         1d1       28%         3
 Petrify                  Alch/Erth      39%        N/A       32%         4
 Lesser Beckoning         Tloc           14%        N/A       34%         2
 Ensorcelled Hibernation  Hex/Ice        4%         N/A       50%         2
 Maxwell's Portable Pile  Tloc           7%         2d(5-15)  56%         3
 Teleport Other           Tloc           7%         N/A       56%         3
 Call Canine Familiar     Summ           2%         N/A       75%         3
 Fugue of the Fallen      Necr           2%         N/A       75%         3
 Sigil of Binding         Hex            2%         N/A       75%         3
 Dimensional Bullseye     Hex/Tloc       2%         N/A       96%         4
 Anguish                  Hex/Necr       1%         N/A       98%         4
 Dispersal                Tloc           3%         N/A       100%        6
 Gell's Gavotte           Tloc           3%         2d(13-19) 100%        6


Dungeon Overview and Level Annotations

Branches:
Dungeon (11/15)            Temple (1/1) D:7            Lair (0/5) D:11
  Sewer (visited)         Ossuary (visited)          Bailey (visited)
    Orc: D:9-12

Altars:
Ashenzari
Cheibriados
Dithmenos
Elyvilon
Fedhas
Gozag
Hepliaklqana
Kikubaaqudgha
Makhleb
Nemelex Xobeh
Okawaru
Qazlal
Ru
Sif Muna
Trog
Uskayaw
Vehumet
Wu Jian
Xom
Yredelemnul
Zin
The Shining One
Beogh

Shops:
D:4 :   D:11 [

Annotations:
D:10 3 runed translucent doors, PriceMaster's ghost, novice DsNe
D:11 Erolcha


Innate Abilities, Weirdness & Mutations

You are immune to sickness and miasma.
Your stone body is resilient. (AC +8)
You are immune to poison.
You resist negative energy. (rN+)
You are resistant to electric shocks. (rElec)
You are resistant to unholy torment.
You are immune to petrification.


Message History

Casting: Stone Arrow (safe; 1% risk of failure)
Confirm with . or Enter, or press ? or * to list all spells.
Aiming: Stone Arrow (safe; 1% risk of failure)
Press: ? - help, Shift-Dir - straight line You feel a surge of power!
You block something's attack.
You now have 9/15 mp.
Casting: Stone Arrow (safe; 1% risk of failure)
Confirm with . or Enter, or press ? or * to list all spells.
You don't know that spell.
Something hits you but does no damage.
Unknown command.
You hear some strange, mumbled words.
A fireball appears from out of thin air!
The fireball explodes!
The fireball engulfs you!!
You take 25 damage, and have 46/77 hp.
MASSIVE DAMAGE!!
Something hits you. You block something's attack.
You hit something but do no damage.
The ground beneath something fractures.
You block something's attack. Something hits you but does no damage.
Something hits you!!
* * * LOW HITPOINT WARNING * * *
You take 29 damage, and have 17/77 hp.
MASSIVE DAMAGE!!
Casting: Stone Arrow (safe; 1% risk of failure)
Confirm with . or Enter, or press ? or * to list all spells.
You don't know that spell.
Unknown command.
Casting: Stone Arrow (safe; 1% risk of failure)
Confirm with . or Enter, or press ? or * to list all spells.
You erupt in a blast of force!
The mystic blast hits something. x2
You now have 5/15 mp.
Casting: Iskenderun's Mystic Blast (dangerous; 11% risk of failure)
Confirm with . or Enter, or press ? or * to list all spells.
You erupt in a blast of force!
The mystic blast hits something.
The mystic blast hits something but does no damage.
Something hits you!
* * * LOW HITPOINT WARNING * * *
You block something's attack.
You take 15 damage, and have 2/77 hp.
You now have 2/15 mp.
You feel much better. Something hits you.
Something hits you but does no damage. Something hits you!!
You die...

## # .# ### ..#
###). <.# ##.P..
...### #.....
###.....####.....
##.....#
......... ##.{#
#......# #.@##
##.....' #..#
.##.....!# ##.##
.##......# #..#
.##.....P. ##.##
##.##.#.....
#..###..#..#...P.
##.....##.###...P
###...##.# #....
##..##.# #..<.


There were no monsters in sight!

Vanquished Creatures
  Erica (D:11)
  3 two-headed ogres
  A centaur warrior (D:10)
  Pikel (D:7)
  2 ugly things (D:10)
  An elephant (D:11)
  A kobold demonologist (D:10)
  A troll (D:9)
  Grinder (D:5)
  Prince Ribbit (D:7)
  A meliai zombie (D:11)
  4 spriggans (Bailey)
  5 shadows
  2 wraiths (D:11)
  A wyvern (D:9)
  A vampire (D:11)
  21 yaks
  3 steam dragons
  4 vampire mosquitoes (D:11)
  An acid dragon (D:8)
  2 water moccasins
  Duvessa (D:7)
  9 orc warriors
  3 sky beasts
  An ice beast (D:7)
  Pargi (Sewer)
  6 black bears
  7 ogres (Bailey)
  4 centaurs
  2 lemures (D:7)
  2 phantoms (D:5)
  A kobold brigand (D:11)
  A weeping skull (Ossuary)
  3 elf zombies (Ossuary)
  A brain worm (Sewer)
  2 gnoll sergeants
  5 bullfrogs
  6 scorpions
  4 wights (D:6)
  Dowan (D:7)
  19 killer bees
  9 centaur zombies
  A bombardier beetle (D:6)
  A hound (D:3)
  11 orc priests
  A spectral scorpion (Ossuary)
  A gnoll bouda (D:7)
  2 sleepcaps (D:3)
  2 iguanas
  8 orc wizards
  Terence (D:3)
  A crocodile zombie (Ossuary)
  3 hound zombies (Ossuary)
  3 mummies (Ossuary)
  16 gnolls
  7 adders
  3 river rats (D:3)
  A white imp (D:5)
  5 adder zombies (Ossuary)
  7 ribbon worms
  3 dart slugs
  51 orcs
  5 bats
  8 endoplasms
  5 giant cockroaches
  11 goblins
  9 hobgoblins
  5 quokkas
  9 ball pythons
  4 ball python zombies (Ossuary)
  3 frilled lizards
  4 jackal zombies (Ossuary)
  16 kobolds
  6 kobold zombies (Ossuary)
  An orc zombie (Ossuary)
  5 rats
365 creatures vanquished.

Vanquished Creatures (collateral kills)
  A boulder (D:6)
1 creature vanquished.

Vanquished Creatures (others)
  A shadow (D:11)
1 creature vanquished.

Grand Total: 367 creatures vanquished

Notes
Turn   | Place    | Note
-------+----------+-------------------------------------------
     0 | D:1      | jasper the Gargoyle Earth Elementalist began the quest for
                  | the Orb.
     0 | D:1      | Reached XP level 1. HP: 10/10 MP: 3/3
   107 | D:1      | Reached skill level 4 in Earth Magic
   153 | D:1      | Reached XP level 2. HP: 15/15 MP: 1/5
   373 | D:1      | Reached skill level 5 in Earth Magic
   373 | D:1      | Reached XP level 3. HP: 19/19 MP: 3/6
   413 | D:1      | Learned a level 3 spell: Passwall
  1301 | D:2      | Reached XP level 4. HP: 23/24 MP: 5/7
  1516 | D:2      | Identified the +2 dagger of Righteous Anger {freeze, *Rage
                  | rElec rPois rCorr}
  1567 | D:2      | Reached skill level 6 in Earth Magic
  2062 | D:3      | Reached XP level 5. HP: 26/28 MP: 8/8
  2233 | D:3      | Learned a level 3 spell: Stone Arrow
  2352 | D:3      | Reached skill level 7 in Earth Magic
  2448 | D:3      | Found a glowing drain.
  2456 | Sewer    | Entered a sewer
  2499 | Sewer    | Noticed Pargi
  2503 | Sewer    | Killed Pargi
  2504 | Sewer    | Reached skill level 8 in Earth Magic
  2504 | Sewer    | Reached XP level 6. HP: 32/32 MP: 5/9
  3001 | D:3      | Found a glowing golden altar of the Shining One.
  3002 | D:3      | Noticed Terence
  3049 | D:3      | Killed Terence
  3252 | D:3      | Reached skill level 9 in Earth Magic
  3260 | D:3      | Reached XP level 7. HP: 29/36 MP: 1/10
  3457 | D:4      | Reached skill level 10 in Earth Magic
  3551 | D:4      | Found Suagh's Self-Published Books.
  3725 | D:4      | Found a sand-covered staircase.
  3734 | Ossuary  | Entered an ossuary
  4014 | Ossuary  | Reached skill level 11 in Earth Magic
  4014 | Ossuary  | Reached XP level 8. HP: 41/41 MP: 7/11
  4051 | Ossuary  | Learned a level 4 spell: Brom's Barrelling Boulder
  4541 | D:4      | Reached skill level 12 in Earth Magic
  4697 | D:5      | Entered Level 5 of the Dungeon
  4888 | D:5      | Noticed Grinder
  4899 | D:5      | Killed Grinder
  4900 | D:5      | Reached skill level 5 in Conjurations
  5001 | D:5      | Reached XP level 9. HP: 45/45 MP: 8/12
  5392 | D:5      | Found a sparkling altar of Nemelex Xobeh.
  5393 | D:5      | Found a snail-covered altar of Cheibriados.
  5394 | D:5      | Found a shimmering blue altar of Sif Muna.
  5394 | D:5      | Found an iron altar of Okawaru.
  5396 | D:5      | Found a white marble altar of Elyvilon.
  5397 | D:5      | Found a sacrificial altar of Ru.
  5399 | D:5      | Found a stormy altar of Qazlal.
  5932 | D:6      | Noticed a two-headed ogre
  5943 | D:6      | Killed a two-headed ogre
  6297 | D:6      | You fall into a shaft and drop 1 floor!
  6312 | D:7      | Reached skill level 10 in Conjurations
  6312 | D:7      | Reached skill level 1 in Fighting
  6312 | D:7      | Reached skill level 1 in Shields
  6431 | D:7      | Found a staircase to the Ecumenical Temple.
  6454 | Temple   | Entered the Ecumenical Temple
  6471 | Temple   | Became a worshipper of Vehumet
  6518 | D:7      | Noticed Duvessa
  6522 | D:7      | Killed Duvessa
  6524 | D:7      | Noticed Dowan
  6526 | D:7      | Killed Dowan
  6608 | D:6      | Reached XP level 10. HP: 40/55 MP: 10/13
  7094 | D:7      | Noticed Pikel
  7119 | D:7      | Killed Pikel
  7383 | D:7      | Noticed Prince Ribbit
  7386 | D:7      | Killed Prince Ribbit
  7387 | D:7      | Reached skill level 5 in Fighting
  7387 | D:7      | Reached skill level 5 in Shields
  7468 | D:7      | Reached * piety under Vehumet
  7468 | D:7      | Offered knowledge of Kiss of Death by Vehumet.
  8206 | D:8      | Found a burning altar of Makhleb.
  8206 | D:8      | Noticed a green death
  8351 | D:8      | Reached XP level 11. HP: 59/67 MP: 6/14
  8504 | D:8      | Found an opulent altar of Gozag.
  8504 | D:8      | Found a glowing silver altar of Zin.
  8804 | D:8      | Offered knowledge of Foxfire by Vehumet.
  8805 | D:8      | Reached ** piety under Vehumet
  9175 | D:9      | Found a flagged portal.
  9188 | Bailey   | Entered a bailey
  9306 | Bailey   | Offered knowledge of Searing Ray by Vehumet.
  9361 | Bailey   | Noticed a two-headed ogre
  9364 | Bailey   | Killed a two-headed ogre
  9954 | D:9      | Reached *** piety under Vehumet
 10069 | D:9      | Found a roughly hewn altar of Beogh.
 10373 | D:10     | Entered Level 10 of the Dungeon
 10383 | D:10     | Offered knowledge of Dazzling Flash by Vehumet.
 10435 | D:10     | Noticed PriceMaster's ghost (novice DsNe)
 10436 | D:10     | Found a runed translucent gate.
 10436 | D:10     | Found a runed translucent gate.
 10436 | D:10     | Found a runed translucent gate.
 10436 | D:10     | Noticed a nine-headed hydra
 10436 | D:10     | Noticed a 12-headed hydra
 10460 | D:10     | Reached skill level 10 in Fighting
 10460 | D:10     | Reached skill level 10 in Shields
 10462 | D:10     | Reached skill level 1 in Evocations
 10878 | D:10     | Noticed a white ugly thing
 10878 | D:10     | Noticed a centaur warrior
 11148 | D:11     | Reached XP level 12. HP: 73/77 MP: 10/15
 11184 | D:11     | Reached skill level 5 in Evocations
 11231 | D:11     | Noticed a boulder beetle
 11538 | D:10     | Reached skill level 1 in Staves
 11915 | D:10     | Killed a centaur warrior
 12006 | D:10     | Identified the +5 war axe "Demonslayer" {protect, rPois}
 12173 | D:11     | Reached **** piety under Vehumet
 12270 | D:11     | Reached skill level 5 in Staves
 12512 | D:11     | Noticed a two-headed ogre
 12523 | D:11     | Killed a two-headed ogre
 12523 | D:11     | Offered knowledge of Iskenderun's Mystic Blast by Vehumet.
 12880 | D:11     | Learned a level 4 spell: Iskenderun's Mystic Blast
 12885 | D:11     | Found Lullipis's Armour Shop.
 12925 | D:11     | Found a staircase to the Lair.
 13087 | D:11     | Noticed Erica
 13092 | D:11     | Killed Erica
 13093 | D:11     | Reached skill level 1 in Translocations
 13236 | D:11     | Noticed Erolcha
 13249 | D:11     | HP: 2/77 [something (15)]
 13250 | D:11     | Slain by Erolcha

Illustrated notes

Levels and vault maps discovered:
D:1:      lemuel_arrival_funnel, layout_basic
D:2:      layout_loops_corners
D:3:      layout_loops_ring, tso_metal_star, lightli_sewer_entry_pipes,
          hellmonk_no_cap, uniq_terence
D:4:      layout_rooms, nicolae_ossuary_entry_monument, nicolae_custom_books
D:5:      layout_basic, minitemple, uniq_grinder
D:6:      layout_loops_ring, serial_bayou_lagoon_b
D:7:      layout_loops_ring, minmay_temple_entry_grid, uniq_duvessa, uniq_pikel,
          uniq_prince_ribbit1
D:8:      layout_loops_ring, grunt_temple_overflow_gold_and_silver,
          makhleb_altar_promises_db
D:9:      layout_roguey, special_room [special_room_orc], enter_bailey_3
D:10:     minmay_blocky_corners, layout_loops_corners,
          gammafunk_ghost_hydra_chop
D:11:     layout_rooms, grunt_lair_entry_orc_guard_hut, serial_shops, shop,
          serial_undead, serial_undead_a, serial_undead_f, serial_undead_d,
          serial_undead_a, uniq_erolcha, uniq_erica
Temple:   nicolae_temple_bog_church

Skill      XL: |  1  2  3  4  5  6  7  8  9 10 11 12 |
---------------+-------------------------------------+-----
Earth Magic    | 4 5 6 8 9 11 12 | 12.0
Conjurations   | 6 10 | 10.0
Fighting       | 2 7 10 | 10.0
Shields        | 2 7 10 | 10.0
Evocations     | 4 5 |  5.0
Staves         | 8 |  8.7
Translocations | 1 |  1.2
Dodging        | |  1.5
Stealth        | |  2.1
Spellcasting   | |  2.0

Action                     |  1- 3 |  4- 6 |  7- 9 | 10-12 || total
---------------------------+-------+-------+-------+-------++-------
  Melee: Club              |     3 |       |       |       ||     3
         Short sword       |    22 |    19 |    33 |    57 ||   131
         Hand axe          |     1 |       |       |       ||     1
         Staff             |       |       |       |    56 ||    56
   Cast: Sandblast         |    39 |    69 |   165 |   397 ||   670
         Stone Arrow       |       |       |     2 |    39 ||    41
         Brom's Barrelling |       |       |     1 |       ||     1
         Iskenderun's Myst |       |       |       |     2 ||     2
  Evoke: Wand              |       |       |       |     2 ||     2
         Tin of tremorston |       |       |       |     2 ||     2
    Use: Scroll            |       |    11 |     5 |     8 ||    24
         Potion            |       |       |     3 |     2 ||     5
 Armour: Robe              |    16 |    36 |    48 |       ||   100
         Ring mail         |       |       |    52 |       ||    52
         Steam dragon scal |       |       |     3 |   422 ||   425
  Dodge: Dodged            |    20 |    19 |    62 |   206 ||   307
  Block: Kite shield       |       |       |       |   256 ||   256

Table legend: (Time is in decaauts)
 A = Elapsed time spent in this place.
 B = Non-inter-level travel time spent in this place.
 C = Inter-level travel time spent in this place.
 D = Time resting spent in this place.
 E = Time spent auto-exploring this place.
 F = Levels seen in this place.
 G = Mean time per level.
                   A        B        C        D        E       F      G
               +--------+--------+--------+--------+--------+-----+--------+
         Total |  13692 |  13351 |    341 |    628 |  10251 |  15 |  912.8 |
       Dungeon |  12216 |  11907 |    309 |    577 |   9286 |  11 | 1110.5 |
        Temple |     34 |      2 |     32 |      0 |      0 |   1 |   34.0 |
         Sewer |    294 |    294 |      0 |      0 |    235 |   1 |  294.0 |
       Ossuary |    718 |    718 |      0 |     29 |    495 |   1 |  718.0 |
        Bailey |    428 |    428 |      0 |     22 |    234 |   1 |  428.0 |
               +--------+--------+--------+--------+--------+-----+--------+

Top non-repeatable levels by time:
    D:10: 1474 daAuts
    D:11: 1349 daAuts
     D:9: 1296 daAuts
     D:3: 1251 daAuts
     D:2: 1213 daAuts
     D:8: 1175 daAuts
     D:5: 1148 daAuts
     D:7: 1037 daAuts
     D:6: 881 daAuts
     D:1: 808 daAuts
 Ossuary: 718 daAuts
     D:4: 579 daAuts
  Bailey: 428 daAuts
   Sewer: 294 daAuts
  Temple: 34 daAuts
